Map: Efflorescence LE

Players

krlos

  • Race: Terran Terran
  • Spawn Location: 6:00

Ramas

  • Race: Terran Terran
  • League: Platinum
  • Spawn Location: 9:00

James - Winner!

  • Race: Terran Terran
  • League: Platinum
  • Spawn Location: 3:00

TheFeared - Winner!

  • Race: Protoss Protoss
  • League: Diamond
  • Spawn Location: 12:00

VOD

Have the link to the VOD?

Description

Time

  • Played on: Sept. 25, 2020, 9:33 p.m.
  • Length: 15:01
Show
View Real Time Build Order
Export as new Build Order

krlos Terran 

Build Orders:  

Get SALT Encoding   

  12  0:00  SCV  
  13  0:14  SCV  
  14  0:20  Supply Depot  
  14  0:26  SCV  
  15  0:41  SCV  
  16  0:44  Barracks  
  16  0:48  Refinery  
  16  0:53  SCV  
  17  1:08  SCV  
  18  1:21  SCV  
  19  1:33  SCV  
  20  1:48  Orbital Command  
  20  1:49  Reaper  
  21  1:57  Supply Depot  
  21  2:06  Command Center  
  21  2:15  SCV  
  22  2:20  Supply Depot  
  22  2:38  SCV  
  23  2:50  SCV  
  24  2:52  Marine  
  24  2:55  Barracks x2  
  25  3:02  SCV  
  26  3:18  Orbital Command  
  26  3:21  SCV  
  26  3:24  Marine  
  28  3:36  SCV  
  29  3:43  Factory  
  29  3:45  Marine x3  
  29  3:47  SCV  
  33  3:56  SCV  
  33  3:57  Orbital Command  
  33  3:58  Refinery  
  34  4:03  Marine x2  
  37  4:13  Barracks Tech Lab  
  37  4:15  SCV  
  37  4:20  Marine  
  38  4:25  SCV  
  38  4:27  SCV  
  40  4:37  SCV, Factory Tech Lab  
  41  4:39  Marine x3, SCV  
  41  4:42  Stimpack  
  45  4:49  SCV  
  45  4:51  SCV  
  47  4:56  Marine x2  
  47  4:57  Marine  
  47  4:58  Siege Tank  
  53  5:01  SCV  
  53  5:04  Engineering Bay  
  54  5:08  Engineering Bay  
  54  5:09  Engineering Bay  
  54  5:23  Supply Depot x2  
  54  5:24  Supply Depot  
  54  5:44  Marine  
  54  5:45  Siege Tank, Marine x2, SCV x2  
  62  5:57  SCV x2  
  62  6:02  Marine x3  
  65  6:09  SCV x2  
  66  6:12  Command Center x2  
  62  6:20  Marine x3  
  62  6:21  SCV  
  60  6:30  SCV  
  60  6:32  Refinery  
  56  6:33  SCV  
  56  6:34  Terran Infantry Armor Level 1, Terran Infantry Weapons Level 1  
  56  6:38  Marine x3  
  60  6:40  Starport  
  60  6:42  SCV  
  60  6:45  SCV  
  60  6:47  Supply Depot  
  62  6:48  Supply Depot  
  62  6:50  Combat Shield  
  62  6:56  Marine x3  
  65  7:04  Starport  
  65  7:07  SCV x2  
  67  7:14  Marine  
  68  7:19  SCV x2, Barracks  
  68  7:20  Refinery  
  68  7:21  Barracks Reactor x2, Barracks  
  70  7:26  Starport Reactor  
  70  7:31  SCV x2  
  70  7:32  Missile Turret  
  70  7:35  Orbital Command  
  70  7:36  Orbital Command, Missile Turret  
  72  7:42  Armory  
  72  7:54  Missile Turret  
  72  7:58  Orbital Command, Missile Turret  
  72  8:02  Marine x3  
  72  8:03  Siege Tank  
  78  8:12  Barracks Reactor  
  78  8:13  Barracks Reactor  
  78  8:15  Medivac  
  78  8:16  Missile Turret, Medivac, Starport Reactor  
  82  8:30  Marine  
  82  8:31  Marine x2  
  85  8:45  Viking x2  
  88  8:57  SCV x2  
  88  9:02  Viking x2  
  94  9:15  Viking x2  
  98  9:32  Viking x2  
  100  9:45  Viking, Command Center  
  100  9:48  Command Center  
  102  9:57  SCV x4  
  104  10:06  Marine  
  104  10:07  Marine x8  
  105  10:09  SCV x4  
  117  10:21  SCV x2  
  118  10:24  Marine x2  
  118  10:25  Marine x3  
  124  10:37  Supply Depot, Marine x2, Medivac x2, Viking  
  124  10:38  Supply Depot  
  124  10:39  Supply Depot  
  124  10:40  Supply Depot  
  132  10:57  Marine x7, SCV x4, Viking  
  145  11:06  Supply Depot  
  145  11:07  Terran Infantry Weapons Level 2  
  145  11:08  Terran Infantry Armor Level 2  
  145  11:09  SCV x4  
  149  11:13  Orbital Command x2  
  149  11:21  SCV  
  130  11:34  Marine  
  130  11:35  Marine  
  107  11:44  Marine x7  
  95  11:52  Marine  
  95  11:53  Marine  
  89  12:02  Marine x7  
  95  12:10  Marine x2, Medivac x2  
  101  12:18  Barracks  
  101  12:19  Marine  
  101  12:20  Marine x4  
  101  12:21  Barracks  
  106  12:23  Barracks  
  106  12:31  Marine x4  
  110  12:37  Marine  
  111  12:50  Marine x2  
  111  12:51  Marine x6  
  119  12:55  Marine  
  120  13:07  Marine  
  120  13:08  Marine x7  
  128  13:12  Refinery  
  128  13:15  Refinery  
  128  13:24  Barracks Reactor, Marine  
  128  13:25  Marine x4  
  128  13:26  Marine x6  
  102  13:42  Marine x2  
  102  13:43  Marine x4, Medivac  
  102  13:44  Marine x5, Medivac x3  
  120  13:48  Missile Turret  
  120  13:50  Missile Turret  
  120  13:51  Missile Turret  
  120  13:53  Missile Turret x2  
  120  13:54  Missile Turret  
  120  14:00  Marine x4  
  120  14:01  Marine x2  
  120  14:02  Marine x5  
  131  14:13  Medivac  
  131  14:14  Medivac  
  132  14:18  Marine  
  132  14:22  Marine x12  
  121  14:35  Marine  
  118  14:39  Marine  
  118  14:40  Marine x8  
Show
View Real Time Build Order
Export as new Build Order

Ramas Terran 

Build Orders:  

Get SALT Encoding   

  12  0:01  SCV  
  13  0:17  SCV  
  14  0:29  SCV  
  14  0:32  Supply Depot  
  15  0:45  Supply Depot  
  15  0:53  SCV  
  15  0:55  Barracks  
  16  1:04  Refinery  
  16  1:08  SCV, Refinery  
  17  1:20  SCV  
  17  1:25  Barracks  
  18  1:32  SCV  
  20  1:49  Orbital Command  
  19  1:58  Barracks Tech Lab  
  19  1:59  Engineering Bay  
  19  2:12  Barracks Reactor  
  19  2:15  Barracks  
  19  2:16  SCV  
  19  2:20  Marauder  
  22  2:28  SCV  
  23  2:40  SCV  
  24  2:45  Marauder  
  26  2:52  SCV  
  26  2:53  Marine x2  
  29  2:58  Supply Depot  
  29  3:03  Barracks Reactor  
  29  3:04  SCV  
  30  3:06  Barracks  
  30  3:08  Marine  
  31  3:21  Marine  
  31  3:25  Supply Depot  
  31  3:26  Marauder, SCV  
  35  3:27  Marine  
  36  3:38  SCV  
  37  3:43  Marine x2  
  37  3:46  Marine x2  
  37  3:47  Marauder  
  43  3:50  Supply Depot  
  43  3:58  SCV  
  43  3:59  Supply Depot  
  43  4:01  Barracks Tech Lab  
  44  4:13  Marine  
  44  4:14  Marauder  
  47  4:19  Supply Depot  
  47  4:22  SCV  
  48  4:30  Terran Infantry Weapons Level 1  
  48  4:34  SCV, Combat Shield  
  51  4:39  Stimpack  
  51  4:40  Marine x2  
  51  4:54  Supply Depot  
  51  4:58  SCV  
  52  5:00  Marine  
  52  5:01  Marine  
  54  5:10  SCV  
  52  5:22  SCV  
  50  5:37  Marine x6  
  49  5:53  Concussive Shells  
  49  5:54  Marine  
  49  5:55  Marine x5  
  47  6:05  Command Center  
  44  6:12  Marine  
  44  6:13  SCV  
  44  6:15  Supply Depot  
  44  6:16  Marine x2  
  48  6:24  Marine x3  
  48  6:25  SCV  
  52  6:30  Marine  
  53  6:34  Marine x2  
  53  6:37  SCV  
  56  6:45  Terran Infantry Armor Level 1, Marine  
  57  6:49  SCV  
  58  6:59  Marine  
  58  7:00  Missile Turret  
  59  7:01  SCV  
  60  7:17  Supply Depot  
  60  7:20  Orbital Command  
  60  7:27  Marine  
  60  7:28  Marine x5  
  62  7:45  Marine x2  
  62  7:46  Marauder, Marine x3  
  60  7:56  SCV  
  53  7:59  SCV  
  53  8:03  Marine x3  
  53  8:04  Marine x2  
  59  8:07  Marine  
  59  8:08  SCV  
  59  8:11  SCV  
  62  8:21  Marine  
  62  8:23  SCV, Refinery  
  62  8:25  Refinery  
  62  8:26  SCV  
  65  8:28  Marine x2, Command Center  
  66  8:35  SCV  
  66  8:36  Marine x3  
  66  8:39  Hi-Sec Auto Tracking  
  70  8:48  Marine x2  
  71  8:52  Marine  
  71  8:54  Marine  
  71  8:55  Marauder x2  
  66  9:06  Marine x2  
  62  9:10  Marine  
  62  9:12  Marine  
  62  9:15  Marine  
  62  9:16  Marauder  
  63  9:23  Marine  
  63  9:24  Marine  
  65  9:32  SCV  
  65  9:35  Marine  
  65  9:36  Marauder, Marine  
  70  9:51  Missile Turret  
  70  9:53  Marauder, Marine  
  70  9:57  Command Center  
  71  10:01  SCV  
  72  10:10  Marauder, Marine x2  
  76  10:15  Marauder  
  76  10:21  SCV  
  79  10:25  SCV  
  80  10:31  Marauder  
  80  10:33  SCV  
  80  10:35  Marine x3  
  86  10:44  Factory  
  86  11:08  Marine x5, SCV x2  
  86  11:09  Marauder  
  86  11:10  Supply Depot  
  95  11:11  Supply Depot  
  95  11:12  Orbital Command  
  95  11:13  Supply Depot  
  95  11:15  Supply Depot  
  95  11:20  SCV x2  
  97  11:28  Marine  
  97  11:29  Marauder  
  97  11:31  Marauder, Marine  
  105  11:32  SCV x2  
  101  11:42  Marine x2  
  101  11:45  SCV  
  101  11:46  Marine  
  98  11:48  Marine  
  98  11:49  Marine  
  98  11:52  Marine  
  99  11:57  SCV  
  99  12:00  Marine x2  
  95  12:04  Marine  
  95  12:06  Marine  
  95  12:07  Marine  
  98  12:10  Marauder  
  98  12:12  SCV  
  98  12:14  SCV  
  98  12:15  Missile Turret  
  102  12:17  Marine  
  102  12:18  Marine  
  102  12:20  Factory Tech Lab  
  102  12:21  Marine  
  105  12:23  Starport  
  105  12:24  Marine, SCV  
  105  12:25  Marine  
  105  12:26  SCV  
  109  12:31  Marine, Refinery  
  109  12:32  Refinery  
  109  12:33  SCV  
  109  12:35  Marine  
  109  12:36  Marine, SCV  
  114  12:38  SCV  
  114  12:39  Marine  
  114  12:43  Missile Turret  
  114  12:44  Missile Turret  
  116  12:45  SCV  
  116  12:50  SCV  
  118  13:00  Marine  
  118  13:01  Marine x5  
  124  13:05  Starport  
  124  13:06  SCV  
  125  13:14  Starport Reactor  
  125  13:16  Supply Depot  
  125  13:17  Command Center  
  125  13:18  Marine x2, SCV  
  125  13:19  Marine x4  
  132  13:22  Supply Depot  
  132  13:30  SCV  
  132  13:31  Cyclone  
  136  13:36  Marine x3  
  139  13:52  Medivac x2  
  139  13:53  Marine x3  
  139  13:54  Marine x3, Starport Reactor  
  149  13:59  Barracks  
  149  14:00  SCV  
  149  14:01  Barracks  
  150  14:03  Cyclone  
  153  14:12  SCV  
  145  14:22  Medivac x2  
  98  14:28  Marine x3  
  98  14:29  Marauder, Marine x2  
Show
View Real Time Build Order
Export as new Build Order

James Terran - Winner!

Build Orders: Reaper Expand 

Get SALT Encoding   

  12  0:00  SCV  
  13  0:12  SCV  
  14  0:18  Supply Depot  
  14  0:24  SCV  
  15  0:40  SCV, Barracks  
  16  0:46  Refinery  
  16  0:52  SCV  
  18  1:04  SCV  
  18  1:16  SCV  
  19  1:30  Reaper  
  20  1:36  Orbital Command  
  20  1:45  Command Center  
  20  1:54  Supply Depot  
  20  2:02  Barracks Reactor  
  20  2:05  SCV  
  21  2:23  Refinery  
  21  2:24  Factory  
  21  2:26  SCV  
  22  2:39  Marine  
  22  2:40  Marine  
  22  2:41  SCV  
  25  2:53  SCV  
  26  3:00  Bunker  
  26  3:01  Orbital Command  
  26  3:04  Marine x2  
  28  3:09  Factory Tech Lab  
  28  3:10  SCV  
  29  3:22  Marine x2, SCV  
  32  3:28  Siege Tank  
  32  3:30  Starport  
  32  3:32  SCV  
  36  3:38  SCV  
  36  3:40  Marine x2  
  39  3:44  SCV  
  40  3:50  SCV  
  41  3:56  SCV  
  41  3:58  Engineering Bay  
  42  4:03  SCV  
  42  4:07  Supply Depot  
  42  4:08  SCV  
  42  4:09  Supply Depot  
  44  4:11  Marine  
  44  4:12  Marine  
  46  4:19  Starport Reactor  
  46  4:27  Barracks  
  46  4:28  SCV x2  
  46  4:29  Marine  
  49  4:34  Barracks  
  49  4:38  Marine  
  50  4:39  Siege Tank  
  50  4:40  SCV x2  
  54  4:52  SCV x2  
  54  4:54  Terran Infantry Weapons Level 1  
  54  4:55  Marine  
  57  5:05  SCV x2  
  52  5:23  Barracks Tech Lab x2  
  51  5:32  Marine  
  51  5:33  Siege Tank, Marine  
  51  5:34  Medivac x2  
  60  5:36  SCV x2  
  60  5:40  Supply Depot  
  60  5:42  Supply Depot  
  62  5:54  SCV  
  62  6:00  Marine  
  62  6:01  Marine x3  
  62  6:02  SCV  
  63  6:05  Siege Tank  
  63  6:06  SCV  
  63  6:08  Medivac  
  68  6:14  SCV  
  68  6:17  Marine  
  67  6:18  SCV  
  67  6:19  Marine x3  
  71  6:35  Marine  
  71  6:37  Marine x3  
  71  6:38  Siege Tank  
  78  6:42  Refinery x2  
  78  6:48  Terran Infantry Armor Level 1  
  78  6:51  Supply Depot  
  78  6:53  Supply Depot  
  78  7:12  Siege Tank, Marine x4, SCV  
  78  7:15  SCV  
  87  7:24  SCV  
  87  7:26  Combat Shield  
  87  7:27  SCV, Command Center  
  89  7:30  Marine x3  
  89  7:31  Stimpack  
  89  7:33  Marine  
  89  7:36  SCV  
  94  7:42  SCV  
  91  7:49  SCV  
  89  7:51  Marine x3  
  89  7:57  Marine  
  93  8:01  SCV  
  94  8:09  Supply Depot x2  
  94  8:25  Marine  
  94  8:26  Marine  
  94  8:27  SCV x2  
  94  8:28  Medivac  
  94  8:30  Siege Tank, Marine x2  
  94  8:32  Supply Depot x2  
  99  8:35  Barracks x2  
  99  8:37  Barracks  
  99  8:39  SCV x2  
  101  8:48  Marine  
  101  8:49  Marine x2  
  101  8:51  SCV  
  101  8:54  Marine  
  96  8:57  SCV  
  96  8:58  Orbital Command  
  96  9:02  Armory  
  97  9:03  SCV  
  97  9:04  Engineering Bay  
  97  9:09  SCV  
  99  9:16  SCV  
  100  9:21  SCV  
  101  9:36  SCV x3  
  104  9:43  Barracks Reactor  
  104  9:48  SCV x2  
  104  9:49  Orbital Command  
  104  9:50  Barracks Reactor  
  105  9:53  Barracks Reactor, Marine x2  
  105  9:54  Marine x2  
  105  10:07  Siege Tank, Medivac, Viking  
  105  10:11  Marine x3  
  105  10:12  Marine  
  113  10:17  Terran Infantry Weapons Level 2, SCV x3, Terran Infantry Armor Level 2  
  113  10:19  Terran Vehicle Weapons Level 1  
  113  10:21  Marine x2  
  117  10:23  Barracks  
  117  10:24  Barracks  
  117  10:25  Barracks  
  118  10:29  Marine x2  
  118  10:33  SCV x3  
  123  10:36  Marine x4  
  123  10:37  Medivac, Viking  
  131  10:44  Refinery  
  131  10:45  SCV  
  131  10:47  Supply Depot  
  131  10:49  Sensor Tower, SCV x2, Refinery  
  134  10:50  Marine x2  
  136  10:57  SCV  
  136  11:00  Marine x2  
  136  11:01  Marine  
  140  11:09  Medivac, Viking  
  144  11:18  Marine x2  
  144  11:19  Marine  
  147  11:29  Siege Tank  
  136  11:34  Marine  
  136  11:35  Marauder x2, Marine x3  
  136  11:36  Marine  
  136  11:39  Medivac, Viking  
  136  11:46  SCV x3  
  119  11:47  Marine x3  
  122  11:58  Marine x2  
  124  12:02  Siege Tank  
  124  12:03  Marine x3  
  124  12:07  Command Center  
  124  12:08  SCV x2  
  133  12:09  Medivac x2  
  136  12:16  Supply Depot, Terran Vehicle Weapons Level 2  
  136  12:17  Supply Depot  
  136  12:21  Marine x4  
  136  12:22  Marine  
  141  12:39  Siege Tank, Medivac, Barracks, Viking  
  141  12:41  Barracks  
  141  12:42  SCV, Barracks  
  141  12:44  Barracks  
  149  12:51  Marine x2  
  149  12:52  Marine  
  152  13:01  Marine x2  
  152  13:04  Marine x2  
  156  13:09  Medivac, Viking  
  156  13:10  Marine x2, SCV  
  163  13:18  Siege Tank  
  165  13:51  Barracks Reactor x4  
  165  13:57  Planetary Fortress  
  165  14:04  Supply Depot x2  
  165  14:05  Supply Depot  
  165  14:07  Supply Depot  
  165  14:09  Supply Depot  
  165  14:14  Command Center  
  165  14:16  Marauder, Marine x3, SCV  
  165  14:17  Marauder, Marine  
  165  14:18  Marine x3  
  165  14:19  SCV, Medivac  
  165  14:20  Medivac  
  156  14:25  Marine  
  156  14:26  Siege Tank  
  156  14:28  Marine x2  
  156  14:31  SCV  
  163  14:34  Marine  
  163  14:38  Marauder  
  166  14:39  Marauder, Marine  
  166  14:40  Marine x4  
Show
View Real Time Build Order
Export as new Build Order

TheFeared Protoss - Winner!

Build Orders: Carriers, Carrier Rush 

Get SALT Encoding   

  12  0:00  Probe  
  13  0:12  Probe  
  14  0:17  Pylon  
  14  0:24  Probe  
  15  0:31  Assimilator  
  15  0:36  Probe (Chrono Boost)  
  16  0:48  Probe (Chrono Boost)  
  17  0:53  Probe (Chrono Boost)  
  18  1:03  Probe  
  19  1:14  Nexus  
  19  1:16  Probe  
  20  1:26  Gateway  
  20  1:32  Probe  
  20  1:36  Pylon  
  21  1:45  Probe  
  21  1:46  Assimilator  
  22  1:57  Probe  
  23  2:02  Forge  
  23  2:09  Probe  
  24  2:15  Cybernetics Core  
  25  2:24  Probe (Chrono Boost)  
  25  2:26  Probe (Chrono Boost)  
  26  2:36  Probe (Chrono Boost)  
  28  2:37  Probe (Chrono Boost)  
  28  2:45  Zealot, Probe  
  28  2:50  Probe  
  32  2:53  Stargate  
  33  2:58  Probe (Chrono Boost)  
  33  3:02  Probe (Chrono Boost)  
  33  3:05  Photon Cannon  
  36  3:14  Probe (Chrono Boost)  
  36  3:15  Probe (Chrono Boost)  
  36  3:19  Probe (Chrono Boost)  
  36  3:21  Photon Cannon, Probe (Chrono Boost)  
  36  3:22  Assimilator  
  38  3:28  Probe  
  38  3:33  Probe  
  40  3:40  Probe  
  41  3:45  Fleet Beacon  
  41  3:46  Probe  
  42  3:50  Stargate  
  42  3:52  Probe  
  43  3:58  Probe  
  44  4:03  Assimilator  
  44  4:05  Probe  
  43  4:10  Probe  
  43  4:17  Probe  
  45  4:18  Pylon  
  45  4:19  Pylon  
  45  4:24  Probe  
  46  4:28  Void Ray (Chrono Boost)  
  46  4:32  Shield Battery  
  46  4:33  Pylon  
  46  4:34  Photon Cannon, Protoss Air Weapons Level 1  
  50  4:40  Carrier (Chrono Boost)  
  56  4:49  Probe  
  57  4:55  Probe  
  57  5:37  Carrier  
  52  5:48  Probe  
  53  5:51  Probe  
  54  6:01  Probe  
  54  6:03  Pylon x2  
  55  6:06  Pylon  
  55  6:12  Probe  
  56  6:29  Probe x2  
  58  6:41  Probe  
  58  6:42  Carrier, Probe  
  66  6:53  Carrier  
  72  6:54  Protoss Air Weapons Level 2 (Chrono Boost)  
  72  7:02  Photon Cannon  
  72  7:04  Photon Cannon  
  72  7:06  Pylon  
  72  7:07  Pylon  
  72  7:09  Probe  
  73  7:26  Stargate  
  73  7:27  Stargate  
  72  7:58  Carrier  
  78  8:05  Carrier  
  84  8:10  Probe  
  85  8:27  Probe  
  86  8:28  Nexus  
  86  8:31  Assimilator  
  86  8:35  Assimilator  
  86  8:37  Pylon  
  86  8:40  Pylon  
  86  8:57  Pylon  
  86  9:02  Carrier  
  86  9:27  Carrier  
  92  9:36  Probe  
  93  9:40  Probe (Chrono Boost)  
  93  9:43  Photon Cannon  
  93  9:45  Photon Cannon  
  94  9:47  Probe (Chrono Boost), Shield Battery  
  94  9:50  Shield Battery  
  97  9:54  Probe (Chrono Boost)  
  97  9:56  Probe (Chrono Boost)  
  97  9:57  Probe (Chrono Boost)  
  98  10:02  Probe (Chrono Boost)  
  98  10:03  Probe x2  
  98  10:06  Carrier, Shield Battery  
  107  10:08  Shield Battery  
  107  10:10  Carrier  
  113  10:17  Protoss Shields Level 1 (Chrono Boost), Twilight Council  
  113  10:22  Protoss Air Weapons Level 3 (Chrono Boost)  
  113  10:28  Cybernetics Core  
  113  10:39  Probe  
  113  10:40  Probe  
  115  10:55  Carrier  
  121  10:57  Carrier  
  121  11:02  Probe  
  124  11:18  Protoss Air Armor Level 1 (Chrono Boost)  
  124  11:32  Carrier x2  
  130  11:59  Carrier  
  136  12:03  Protoss Shields Level 2 (Chrono Boost)  
  136  12:07  Probe x2  
  138  12:15  Probe  
  139  12:17  Nexus  
  139  12:19  Probe  
  139  12:20  Pylon  
  139  12:22  Pylon  
  140  12:23  Pylon  
  140  12:24  Pylon  
  140  12:25  Assimilator  
  140  12:29  Assimilator  
  140  12:37  Pylon  
  140  12:38  Carrier  
  140  12:40  Pylon  
  140  12:42  Pylon  
  146  13:02  Carrier  
  146  13:03  Carrier  
  158  13:06  Probe  
  159  13:18  Probe  
  160  13:23  Photon Cannon  
  160  13:30  Photon Cannon  
  160  13:33  Shield Battery  
  160  13:35  Shield Battery  
  144  13:50  Carrier  
Tags
 
Add a new tag
Caveats
  • Supply blocks, unpowered buildings, or Contaminate may cause inaccurate times.
  • Supply counts are checked every 10 seconds.